AoeStats
← theodb

Fortress

510172362Analyzed
4v4 RM · 2d ago on Sep 29, 2026· 63m 20s· 8 players
Game mode
Random Map
Map size
Huge
Population
200
Speed
Normal
Resources
Standard
Victory
Conquest
Starting age
Dark Age
Ending age
Imperial Age
RankedLock teamsTeams togetherTeam positionsShared explorationLock speedFull tech treeHidden civsTurbo modeCheats
Victory
Defeat
1174
+11
🇪🇸 Varangians · Spain
1086
+14
🇬🇧 Georgians · United Kingdom
1077
+15
988
+18
🇺🇸 Saxons · United States
1091
-16
🇬🇧 Armenians · United Kingdom
1064
-15
🇺🇸 Franks · United States
1046
-14
🇺🇸 Italians · United States
1000
-13
Target Him9038
6:53 Feudal Age
11:09 Castle Age
9:18 Double-Bit Axe
9:24 Horse Collar
16:05 Heavy Plow
16:18 Bow Saw
18:17 Loom
19:08 Wheelbarrow
21:44 Scale Mail Armor
24:18 Imperial Age
22:04 Forging
23:51 Hand Cart
24:17 Iron Casting
23:58 Chain Mail Armor
23:31 Gambesons
23:47 Squires
23:32 Arson
24:43 Shield Wall
25:45 Conscription
26:44 Crop Rotation
27:38 Plate Mail Armor
27:00 Fletching
28:20 Two-Man Saw
27:49 Town Watch
27:50 Pikeman
29:03 Bodkin Arrow
29:10 Padded Archer Armor
29:19 Halberdier
30:45 Man-at-Arms
32:03 Leather Archer Armor
31:49 Bracer
32:00 Long Swordsman
33:23 Two-Handed Swordsman
34:18 Gold Mining
34:32 Champion
34:37 Elite Varangian Guard
36:50 Ring Archer Armor
36:19 Elite Hearth Troop
43:25 Chemistry
42:07 Treadmill Crane
42:47 Ballistics
42:24 Murder Holes
TigerTom90
7:36 Feudal Age
8:16 Double-Bit Axe
8:42 Horse Collar
10:24 Wheelbarrow
9:17 Man-at-Arms
9:43 Arson
14:18 Castle Age
14:09 Gold Mining
17:38 Bow Saw
20:06 Caravan
21:45 Pikeman
22:25 Squires
23:37 Fletching
23:47 Padded Archer Armor
24:27 Bodkin Arrow
25:08 Ballistics
25:16 Leather Archer Armor
29:39 Imperial Age
28:26 Gold Shaft Mining
27:48 Stone Mining
28:08 Heavy Plow
31:26 Chemistry
30:58 Ring Archer Armor
30:53 Bracer
31:07 Elite Composite Bowman
31:51 Halberdier
32:19 Gambesons
33:50 Long Swordsman
36:18 Forging
36:09 Scale Mail Armor
35:34 Two-Handed Swordsman
39:47 Conscription
theodb
7:15 Feudal Age
11:21 Castle Age
9:30 Double-Bit Axe
10:15 Gold Mining
11:23 Scale Barding Armor
12:48 Wheelbarrow
14:34 Bow Saw
17:18 Chain Barding Armor
18:37 Husbandry
20:11 Hand Cart
19:50 Loom
19:50 Town Watch
23:02 Gold Shaft Mining
24:45 Stone Mining
27:38 Imperial Age
26:03 Devotion
26:33 Forging
27:48 Cavalier
29:18 Plate Barding Armor
29:13 Town Patrol
29:44 Conscription
32:15 Iron Casting
34:42 Blast Furnace
33:40 Paladin
Maj. Payne
6:01 Feudal Age
6:02 Loom
6:29 Double-Bit Axe
10:53 Horse Collar
15:26 Castle Age
17:07 Padded Archer Armor
17:14 Scale Mail Armor
17:50 Fletching
18:15 Gold Mining
18:48 Heavy Plow
21:20 Town Watch
21:51 Caravan
21:55 Stone Mining
22:19 Bow Saw
22:34 Elite Skirmisher
23:55 Stone Shaft Mining
24:32 Leather Archer Armor
25:55 Bodkin Arrow
30:46 Imperial Age
29:14 Ballistics
29:08 Fortified Wall
28:41 Treadmill Crane
29:13 Masonry
29:34 Forging
29:40 Squires
30:28 Wheelbarrow
31:59 Chain Mail Armor
33:09 Hoardings
34:34 Bracer
35:19 Plate Mail Armor
34:37 Pikeman
36:08 Iron Casting
36:38 Architecture
37:38 Arson
39:10 Conscription
40:29 Capped Ram
43:40 Husbandry
43:53 Cavalier
44:46 Bloodlines
45:56 Light Cavalry
48:25 Hand Cart
49:15 Elite Genoese Crossbowman
50:08 Pirotechnia
51:35 Chemistry
50:32 Murder Holes
50:28 Onager
52:27 Hand Cart
52:44 Crop Rotation
53:30 Sanctity
53:25 Block Printing
53:11 Atonement
53:21 Fervor
53:38 Illumination
54:58 Chemistry
53:56 Murder Holes
55:26 Two-Man Saw
56:05 Bombard Tower
58:07 Town Patrol
Note1984
7:25 Feudal Age
8:09 Double-Bit Axe
8:06 Horse Collar
13:15 Castle Age
12:19 Forging
16:09 Bow Saw
16:49 Heavy Plow
18:08 Loom
19:22 Wheelbarrow
20:54 Hand Cart
21:09 Husbandry
21:03 Gold Mining
22:42 Bloodlines
23:32 Town Watch
23:40 Stone Mining
24:58 Scale Barding Armor
25:29 Iron Casting
30:35 Imperial Age
28:56 Chain Barding Armor
29:18 Fervor
29:50 Stone Shaft Mining
31:55 Conscription
32:18 Crop Rotation
31:40 Elite Jarl
33:00 Plate Barding Armor
33:26 Blast Furnace
32:16 Fletching
40:09 Caravan
41:55 Town Patrol
50:24 Bodkin Arrow
50:30 Scale Mail Armor
50:19 Arson
50:35 Squires
50:20 Gambesons
53:20 Siege Engineers
53:36 Ballistics
54:17 Chemistry
52:57 Treadmill Crane
53:13 Murder Holes
58:33 Masonry
58:34 Fortified Wall
59:34 Two-Man Saw
The Rock
7:58 Feudal Age
14:04 Castle Age
12:20 Double-Bit Axe
12:44 Horse Collar
13:01 Stone Mining
28:39 Imperial Age
26:07 Town Watch
26:57 Wheelbarrow
26:07 Loom
27:00 Gold Mining
27:24 Bow Saw
27:24 Town Patrol
27:40 Hand Cart
27:29 Treadmill Crane
28:02 Heavy Plow
28:57 Ballistics
28:51 Forging
28:47 Scale Barding Armor
29:41 Chain Barding Armor
29:58 Iron Casting
29:16 Guard Tower
30:31 Conscription
31:09 Fletching
31:57 Keep
31:08 Arrowslits
32:27 Plate Barding Armor
32:03 Husbandry
33:09 Bloodlines
33:41 Svan Towers
33:34 Bodkin Arrow
33:52 Fortified Wall
34:35 Stone Shaft Mining
36:00 Bracer
37:01 Blast Furnace
36:09 Siege Engineers
36:00 Murder Holes
36:16 Masonry
36:30 Elite Monaspa
38:17 Architecture
38:37 Aznauri Cavalry
40:29 Caravan
40:40 Guilds
41:01 Coinage
44:38 Banking
58:49 Hoardings
57:44 Sappers
58:16 Padded Archer Armor
58:17 Scale Mail Armor
58:29 Clinker Construction
59:21 Chemistry
60:25 Capped Ram
61:57 Siege Ram
Ballin' Like Bill, End @McDank's
2:58 Loom
11:04 Feudal Age
11:31 Double-Bit Axe
11:26 Horse Collar
11:47 Gold Mining
18:09 Castle Age
17:17 Town Watch
17:30 Stone Mining
18:02 Arson
18:23 Scale Mail Armor
20:48 Squires
21:01 Forging
23:13 Bow Saw
23:19 Heavy Plow
24:25 Gold Shaft Mining
29:30 Imperial Age
29:57 Capped Ram
31:41 Chain Mail Armor
31:43 Elite Varangian Guard
32:50 Conscription
32:54 Siege Ram
35:28 Plate Mail Armor
35:33 Iron Casting
35:01 Chieftains
36:22 Caravan
36:09 Man-at-Arms
36:21 Pikeman
37:17 Long Swordsman
39:19 Crop Rotation
39:53 Two-Man Saw
38:20 Two-Handed Swordsman
39:00 Champion
41:18 Blast Furnace
53:06 Town Patrol
54:18 Elite Berserk
54:58 Bogsveigar
fuwafuwano ohimesama
0:40 Loom
0:45 Loom
6:37 Feudal Age
7:10 Double-Bit Axe
7:07 Horse Collar
13:09 Castle Age
14:04 Bow Saw
20:17 Heavy Plow
21:00 Wheelbarrow
20:11 Town Watch
21:22 Gold Mining
27:37 Imperial Age
25:25 Hand Cart
25:11 Town Patrol
26:51 Forging
26:41 Scale Mail Armor
26:49 Circumnavigation
27:05 Gambesons
26:40 Man-at-Arms
26:40 Pikeman
27:06 Arson
28:01 Iron Casting
29:25 Two-Man Saw
29:01 Crop Rotation
29:36 Chemistry
28:57 Ballistics
28:05 Long Swordsman
28:05 Halberdier
29:08 Chain Mail Armor
29:25 Conscription
29:05 Two-Handed Swordsman
30:51 Blast Furnace
30:21 Plate Mail Armor
30:57 Arquebus
30:46 Champion
32:38 Masonry
34:14 Siege Engineers
34:20 Masonry
34:20 Fortified Wall
36:14 Caravan
39:42 Fletching
39:52 Padded Archer Armor
Connection lost

Rejoining the realm…

Still unreachable

The connection could not be restored.

Session expired

The server has moved on; the page needs a fresh start.